 Dungeon Crawl Stone Soup version 0.21.1-1-g345015f (webtiles) character file.

240 xccam the Slasher (level 5, -7/45 HPs)
             Began as a Draconian Berserker on Mar 25, 2018.
             Was a Believer of Trog.
             Mangled by a gnoll
             ... wielding a +0 spear
              (9 damage)
             ... on level 3 of the Dungeon.
             The game lasted 00:03:03 (1416 turns).

xccam the Slasher (Draconian Berserker)             Turns: 1416, Time: 00:03:03

Health: -7/45      AC:  5    Str: 24 (25) XL:     5   Next: 79%
Magic:  5/5        EV: 13    Int: 13      God:    Trog [**....]
Gold:   59         SH:  0    Dex: 15      Spells: 4/4 levels left

rFire    . . .     SeeInvis .   a - +0 falchion
rCold    . . .     Gourm    .   (no shield)
rNeg     . . .     Faith    .   (armour unavailable)
rPois    .         Spirit   .   (helmet restricted)
rElec    .         Reflect  .   (no cloak)
rCorr    .         Harm     .   (no gloves)
MR       .....                  (no boots)
Stlth    +.........             (no amulet)
HPRegen  0.15/turn              c - +5 ring of dexterity
MPRegen  0.09/turn              (no ring)

@: mighty, brilliant, flying
A: unfitting armour, cold-blooded, AC +5
a: Berserk, Trog's Hand, Burn Spellbooks, Renounce Religion


You were on level 3 of the Dungeon.
You worshipped Trog.
Trog was pleased with you.
You were not hungry.

You visited 1 branch of the dungeon, and saw 3 of its levels.

You collected 59 gold pieces.

Inventory:

Hand Weapons
 a - a +0 falchion (weapon)
Armour
 l - a +0 shield
Jewellery
 c - a +5 ring of dexterity (left hand)
 g - an uncursed amulet of harm {unknown}
Scrolls
 f - 2 scrolls of identify {unknown}
 k - a scroll of teleportation {unknown}
 m - a scroll of fear {unknown}
 o - a scroll of magic mapping {unknown}
Potions
 j - a potion of ambrosia {unknown}
 n - a potion of haste {unknown}
Comestibles
 b - 6 rations
 d - a chunk of flesh


   Skills:
 - Level 3.2 Fighting
 + Level 6.6 Long Blades
 - Level 2.6 Dodging


You had 4 spell levels left.
You didn't know any spells.

Dungeon Overview and Level Annotations

Branches:
Dungeon (3/15)

Altars:
Dithmenos
Ru


Innate Abilities, Weirdness & Mutations

Your plain brown scales are hard. (AC +5)
You cannot fit into any form of body armour.
You are cold-blooded and may be slowed by cold attacks.


Message History

A gnoll comes into view.
The gnoll shouts!
A goblin comes into view. It is wielding a club.
The goblin shouts!
You see here 4 gold pieces.
You slash the gnoll!
You kill the gnoll!
Trog accepts your kill.
You slash the goblin!
You kill the goblin!
Trog accepts your kill. The gnoll hits you.
* * * LOW HITPOINT WARNING * * *
You closely miss the gnoll. The gnoll misses you. The gnoll barely misses you.
You riposte.
You slash the gnoll!
You kill the gnoll!
Trog accepts your kill.
You feel your strength returning. The gnoll hits you with a spear!
You die...

#. .# .. ... ..
..# .###.# ....#
...# # #)$# ...
####$)##.....#
#..<.@g......#
#.##.###.....#
..##.##.# ....##
[.......####......
####.#.......#
#.#.#####.#
#.#.#### #
#......#
#...##.##.#


You could see a gnoll.

Vanquished Creatures
  The ghost of PipsiMox the Slasher, an amateur MiFi (D:3)
  An orc wizard (D:2)
  An adder (D:2)
  2 gnolls (D:3)
  2 dart slugs
  A leopard gecko (D:2)
  3 bats
  2 giant cockroaches (D:2)
  4 goblins
  6 hobgoblins
  3 jackals (D:2)
  4 kobolds
  A frilled lizard (D:2)
  8 rats
39 creatures vanquished.

Notes
Turn   | Place    | Note
-------+----------+-------------------------------------------
     0 | D:1      | xccam the Draconian Berserker began the quest for the Orb.
     0 | D:1      | Reached XP level 1. HP: 19/19 MP: 1/1
   265 | D:1      | Reached XP level 2. HP: 20/26 MP: 2/2
   713 | D:2      | Found a shadowy altar of Dithmenos.
   717 | D:2      | Reached skill level 4 in Long Blades
   988 | D:2      | Reached XP level 3. HP: 26/31 MP: 3/3
   999 | D:2      | Found a sacrificial altar of Ru.
  1032 | D:2      | Reached ** piety under Trog
  1032 | D:2      | Reached XP level 4. HP: 30/38 MP: 4/4
  1070 | D:2      | Reached skill level 5 in Long Blades
  1384 | D:3      | Noticed PipsiMox's ghost (amateur MiFi)
  1400 | D:3      | Killed PipsiMox's ghost
  1400 | D:3      | Reached skill level 6 in Long Blades
  1400 | D:3      | Reached XP level 5. HP: 4/45 MP: 5/5
  1414 | D:3      | HP: 2/45 [gnoll (4)]
  1416 | D:3      | Mangled by a gnoll

Skill      XL: |  1  2  3  4 |
---------------+-------------+-----
Long Blades    | 4 6 |  6.6
Fighting       | |  3.2
Dodging        | |  2.6

Action                   |  1- 3 |  4- 6 || total
-------------------------+-------+-------++-------
Melee: Falchion          |    90 |    35 ||   125
       Tailslap          |    17 |     8 ||    25
  Use: Potion            |       |     4 ||     4
 Stab: Invisible         |       |     1 ||     1
       Paralysed         |       |     1 ||     1
       Sleeping          |       |     1 ||     1
  Eat: Chunk             |       |     2 ||     2
Armor: Skin              |    16 |     4 ||    20
Dodge: Dodged            |    55 |    28 ||    83
       Rpst.: Falchion   |    20 |    10 ||    30
